 Dungeon Crawl Stone Soup version 0.30-a0-381-g6ea064c7b4 (webtiles) character file.

Game seed: 13085947324697969419

138 qeuew the Sneak (level 5, -13/24 HPs)
             Began as a Spriggan Earth Elementalist on Dec 1, 2022.
             Killed by nerve-wracking pain
             ... invoked by an orc priest
              (14 damage)
             ... on level 3 of the Dungeon.
             The game lasted 00:03:04 (1971 turns).

qeuew the Sneak (Spriggan Earth Elementalist)       Turns: 1971, Time: 00:03:05

Health: -13/24     AC:  2    Str:  4    XL:     5   Next: 1%
Magic:  6/11       EV: 18    Int: 18    God:
Gold:   84         SH:  0    Dex: 16    Spells: 10/11 levels left

rFire   . . .      SeeInvis +    c - +0 rapier
rCold   . . .      Faith    .    (no shield)
rNeg    . . .      Spirit   .    a - +0 robe
rPois   .          Reflect  .    (helmet restricted)
rElec   .          Harm     .    (no cloak)
rCorr   .          Rampage  .    (gloves unavailable)
Will    .....                    (boots unavailable)
Stlth   +++.......               (no amulet)
HPRegen 0.24/turn                (no ring)
MPRegen 0.12/turn                (no ring)

@: invisible, very quick
A: very small, no large weapons, unfitting armour, see invisible, speed 3
a: no special abilities


You were on level 3 of the Dungeon.
You visited 1 branch of the dungeon, and saw 3 of its levels.

You collected 84 gold pieces.

Inventory:

Hand Weapons
 c - a +0 rapier (weapon)
Armour
 a - a +0 robe (worn)
Wands
 g - a wand of flame (15)
 h - a wand of roots (12)
Scrolls
 d - 3 scrolls of teleportation {unknown}
 f - a scroll of blinking {unknown}
Potions
 b - a potion of magic


   Skills:
 + Level 1.7 Short Blades
 + Level 3.6 Dodging
 + Level 4.3 Stealth
 + Level 3.5 Spellcasting
 + Level 2.9 Transmutations
 + Level 3.2 Earth Magic


You had 10 spell levels left.
You knew the following spells:

 Your Spells              Type           Power      Damage    Failure   Level
a - Sandblast             Erth           28%        2d8       4%          1

Your spell library contained the following spells:

 Spells                   Type           Power      Damage    Failure   Level
 Passwall                 Tmut/Erth      11%        N/A       7%          2
 Stone Arrow              Conj/Erth      18%        3d8       24%         3
 Petrify                  Tmut/Erth      14%        N/A       41%         4


Dungeon Overview and Level Annotations

Branches:
Dungeon (3/15)

Altars:


Innate Abilities, Weirdness & Mutations

You are very small and have problems with some larger weapons.
You are too small for most types of armour.
You have supernaturally acute eyesight. (SInv)
You cover ground extremely quickly. (Speed+++)


Message History

An orc and 2 orc priests come into view.
The blast of sand hits the orc priest!
The orc priest is severely wounded.
The orc priest shouts!
The orc shouts!
You hear a shout!
The orc priest shouts!
There are monsters nearby!
You hit the orc priest.
The orc priest is severely wounded.
An orc comes into view. It is wielding a +0 hand axe.
The orc priest barely misses you. The orc priest misses you.
The blast of sand misses the orc priest.
The orc priest barely misses you.
There are monsters nearby!
You hit the orc priest but do no damage.
The orc priest is severely wounded.
The orc priest hits you with a +0 whip.
The blast of sand hits the orc priest.
You kill the orc priest!
The orc completely misses you.
There are monsters nearby!
You barely miss the orc. The orc hits you with a +0 club.
The blast of sand hits the orc!
You kill the orc!
The orc priest mumbles some strange prayers to Beogh against you.
Beogh smites you!
* * * LOW HITPOINT WARNING * * *
The orc hits you but does no damage.
You have reached level 5!
You feel agile.
Aiming: Sandblast (safe; 4% risk of failure)
Press: ? - help, Q - select action, (/) - cycle Shift-Dir - straight line, f - orc
Aim: an orc, wielding a +0 hand axe and wearing a +0 leather armour (82% to hit)
The blast of sand hits the orc.
The orc is almost dead.
The orc hits you with a +0 hand axe.
* * * LOW HITPOINT WARNING * * *
You fade into invisibility!
The orc priest mumbles some strange prayers to Beogh against you.
Pain shoots through your body!
Ouch! That really hurt!
You die...

############
#..........# ##
#.########.##
o. #.# ##..@#.#
#.# #...o)o#
#.#...........#
#.#.####......#
#.#.# ##.....'.
#.#.# ##.#..#..
#.#.#
#.####....
#...# #.# ...
#.†.#
#.#######'


You could see an orc priest (unable to see you) and an orc (unable to see you).

Vanquished Creatures
  An orc priest (D:3)
  An orc wizard (D:3)
  2 adders
  3 worms
  A dart slug (D:2)
  6 orcs (D:3)
  2 endoplasms
  3 giant cockroaches (D:1)
  3 goblins
  7 hobgoblins
  3 jackals (D:2)
  A quokka (D:2)
  5 ball pythons
  3 bats
  5 frilled lizards
  A kobold (D:2)
  3 rats
50 creatures vanquished.

Vanquished Creatures (others)
  2 plants (D:3)
2 creatures vanquished.

Grand Total: 52 creatures vanquished

Notes
Turn   | Place    | Note
-------+----------+-------------------------------------------
     0 | D:1      | qeuew the Spriggan Earth Elementalist began the quest for
                  | the Orb.
     0 | D:1      | Reached XP level 1. HP: 9/9 MP: 5/5
   165 | D:1      | Reached XP level 2. HP: 13/13 MP: 4/6
   748 | D:2      | Reached XP level 3. HP: 16/16 MP: 6/8
   802 | D:2      | Reached skill level 1 in Short Blades
  1626 | D:3      | Reached skill level 4 in Stealth
  1626 | D:3      | Reached XP level 4. HP: 19/21 MP: 3/10
  1969 | D:3      | Reached XP level 5. HP: 6/24 MP: 7/11
  1970 | D:3      | HP: 1/24 [orc/+0 hand axe (6)]
  1971 | D:3      | Killed from afar by an orc priest

Illustrated notes

Levels and vault maps discovered:
D:1:      minmay_arrival_diagonal_passages, layout_rooms, hex_intersection
D:2:      layout_basic, chequers_garden
D:3:      layout_loops_ring, nicolae_concentric_dashed_squares_mild,
          roderic_serpentine_path, minmay_crystal_water, kennysheep_nondescript,
          serial_bayou_lagoon_a, kennysheep_generic_room_9

Skill      XL: |  1  2  3 |
---------------+----------+-----
Dodging        | 3 |  3.6
Spellcasting   | 3 |  3.5
Transmutations | 2 |  2.9
Short Blades   | 1 |  1.7
Earth Magic    | 3 |  3.2
Stealth        | 4 |  4.3

Action                   |  1- 3 |  4- 6 || total
-------------------------+-------+-------++-------
Melee: Rapier            |    16 |     6 ||    22
 Cast: Sandblast         |    71 |    14 ||    85
  Use: Scroll            |     4 |       ||     4
       Potion            |     3 |     1 ||     4
Armor: Robe              |     7 |     2 ||     9
Dodge: Dodged            |    28 |     8 ||    36

Table legend: (Time is in decaauts)
 A = Elapsed time spent in this place.
 B = Non-inter-level travel time spent in this place.
 C = Inter-level travel time spent in this place.
 D = Time resting spent in this place.
 E = Time spent auto-exploring this place.
 F = Levels seen in this place.
 G = Mean time per level.
                   A        B        C        D        E       F      G
               +--------+--------+--------+--------+--------+-----+--------+
         Total |   1545 |   1515 |     30 |      5 |   1240 |   3 |  515.0 |
       Dungeon |   1545 |   1515 |     30 |      5 |   1240 |   3 |  515.0 |
               +--------+--------+--------+--------+--------+-----+--------+

Top non-repeatable levels by time:
     D:2: 577 daAuts
     D:1: 496 daAuts
     D:3: 472 daAuts
